 Dungeon Crawl Stone Soup version 0.27-a0-1559-g299f9947c5 (webtiles) character file.

Game seed: 6915690469798047326

493 Delamore the Slasher (level 7, -2/56 HPs)
             Began as a Formicid Fighter on July 16, 2021.
             Slain by cccccccc's ghost (10 damage)
             ... on level 4 of the Dungeon.
             The game lasted 00:02:41 (3748 turns).

Delamore the Slasher (Formicid Fighter)             Turns: 3748, Time: 00:02:41

Health: -2/56      AC:  9    Str: 23      XL:     7   Next: 37%
Magic:  7/7        EV:  6    Int:  7      God:
Gold:   121        SH:  9    Dex:  6 (10) Spells: 6/6 levels left

rFire    . . .     SeeInvis +   a - +0 long sword
rCold    . . .     Faith    .   c - +0 kite shield
rNeg     . . .     Spirit   .   h - +0 chain mail
rPois    .         Reflect  .   (helmet unavailable)
rElec    .         Harm     .   (no cloak)
rCorr    .         Rampage  .   (no gloves)
Will     .....                  (no boots)
Stlth    ..........             (no amulet)
HPRegen  0.18/turn              (no ring)
MPRegen  0.10/turn              (no ring)

@: mighty
A: permanent stasis, dig shafts and tunnels, antennae 3, four strong arms
a: Dig, Shaft Self


You were on level 4 of the Dungeon.
You visited 1 branch of the dungeon, and saw 5 of its levels.

You collected 121 gold pieces.

Inventory:

Hand Weapons
 a - a +0 long sword (weapon)
Missiles
 f - 3 poisoned darts
Armour
 b - a +0 scale mail
 c - a +0 kite shield (worn)
 h - a +0 chain mail (worn)
Scrolls
 i - 2 scrolls of enchant armour
 j - a scroll of immolation
 k - a scroll of amnesia
Potions
 d - a potion of might
 g - 3 potions of attraction


   Skills:
 - Level 5.0 Fighting
 * Level 6.7 Long Blades
 - Level 3.2 Armour
 - Level 3.6 Shields


You had 6 spell levels left.
You didn't know any spells.
Your spell library was empty.

Dungeon Overview and Level Annotations

Branches:
Dungeon (5/15)
 Temple: D:4-7

Altars:
Ashenzari

Annotations:
D:4 cccccccc's ghost, amateur TrMo


Innate Abilities, Weirdness & Mutations

You cannot be hasted, slowed, berserked, paralysed or teleported.
You can dig through walls and to a lower floor.
You have a pair of large antennae on your head. (SInv)
Your four strong arms can wield two-handed weapons with a shield.


Message History

* * * LOW HITPOINT WARNING * * *
You closely miss cccccccc's ghost.
Cccccccc's ghost is moderately damaged.
Cccccccc's ghost hits you but does no damage.
You aren't carrying any items that you can evoke.
Unknown command.
You aren't carrying any items that you can evoke.
Unknown command.
Okay, then.
Okay, then.
You barely miss cccccccc's ghost.
Cccccccc's ghost is moderately damaged.
Cccccccc's ghost completely misses you.
You hit cccccccc's ghost but do no damage.
Cccccccc's ghost is moderately damaged.
Cccccccc's ghost whispers, "Death is liberation."
Cccccccc's ghost hits you.
* * * LOW HITPOINT WARNING * * *
You closely miss cccccccc's ghost.
Cccccccc's ghost is moderately damaged.
Cccccccc's ghost hits you but does no damage.
Cccccccc's ghost says, "You're as good as gold."
Cccccccc's ghost hits you but does no damage.
There is a transporter here.
You enter the transporter and appear at another place.
You block cccccccc's ghost's attack.
You hit cccccccc's ghost.
Cccccccc's ghost is moderately damaged.
You block cccccccc's ghost's attack.
You slash cccccccc's ghost!
Cccccccc's ghost is heavily damaged.
You block cccccccc's ghost's attack.
You hit cccccccc's ghost.
Cccccccc's ghost is severely damaged.
Cccccccc's ghost stares at you. You block cccccccc's ghost's attack.
You slash cccccccc's ghost!
Cccccccc's ghost is almost destroyed.
Cccccccc's ghost hits you!
You die...

#..#.....($..#..##.###.##.#.
#.##.##.."###....#.# #.##.#.
#.#.....#.....#.##.######.#.
#.#..##..©..#...#.......#...
#.#......#..##..#.#####.###.
#.##...#...#....#.# #.#..#
#..#.!..#......##.# #.#..#
##.#####..###©##..# #.#..#
#)..).####@###..## #.#...
#####.....W....#######.##.#
######.##..........##.#
#....###########.#
####.............#
###############


You could see cccccccc's ghost.

Vanquished Creatures
  A black bear (D:4)
  A howler monkey (D:4)
  3 quasits (D:4)
  An orc priest (D:4)
  2 hounds (D:4)
  An orc wizard (D:5)
  A killer bee zombie (D:4)
  A gnoll (D:1)
  6 adders
  An adder skeleton (D:4)
  2 dart slugs (D:1)
  9 orcs
  4 ball pythons
  4 bats
  6 endoplasms
  4 goblins
  5 hobgoblins
  3 quokkas (D:1)
  A frilled lizard (D:1)
  5 kobolds
  10 rats
71 creatures vanquished.

Notes
Turn   | Place    | Note
-------+----------+-------------------------------------------
     0 | D:1      | Delamore the Formicid Fighter began the quest for the Orb.
     0 | D:1      | Reached XP level 1. HP: 18/18 MP: 1/1
    58 | D:1      | Reached XP level 2. HP: 24/24 MP: 2/2
    97 | D:1      | Reached skill level 3 in Long Blades
    97 | D:1      | Reached XP level 3. HP: 29/30 MP: 3/3
  1009 | D:2      | Reached XP level 4. HP: 28/36 MP: 4/4
  1494 | D:2      | Found a broken altar of Ashenzari.
  1953 | D:3      | Reached skill level 4 in Long Blades
  2170 | D:3      | Found a faded altar of an unknown god.
  2207 | D:3      | Reached XP level 5. HP: 40/42 MP: 5/5
  2699 | D:5      | Entered Level 5 of the Dungeon
  2829 | D:4      | Reached XP level 6. HP: 26/49 MP: 6/6
  2961 | D:4      | Reached skill level 5 in Long Blades
  3060 | D:4      | Reached skill level 5 in Fighting
  3169 | D:4      | Found a transporter.
  3173 | D:4      | Noticed cccccccc's ghost (amateur TrMo)
  3193 | D:4      | Found a transporter.
  3286 | D:4      | Noticed a black bear
  3301 | D:4      | Killed a black bear
  3302 | D:4      | Reached skill level 6 in Long Blades
  3302 | D:4      | Reached XP level 7. HP: 4/56 MP: 7/7
  3748 | D:4      | Slain by cccccccc's ghost

Illustrated notes

Levels and vault maps discovered:
D:1:      wander_arrival_estate, layout_basic, serial_curves, eino_curves_01,
          eino_curves_01, eino_curves_01, eino_curves_03, serial_bayou_lagoon_a,
          minmay_stone_trees_small, minmay_misc_feat_four_crosses
D:2:      layout_loops_ring, basic_altar
D:3:      layout_basic, ebering_ecumenical_altar_sacrificial
D:4:      layout_basic, gammafunk_ghost_stat_death
D:5:      layout_basic, ebering_ghost_rock_garden, serial_shops, shop

Skill      XL: |  1  2  3  4  5  6 |
---------------+-------------------+-----
Long Blades    | 3 4 6 |  6.7
Fighting       | 4 5 |  5.0
Armour         | |  3.2
Shields        | |  3.6

Action                   |  1- 3 |  4- 6 |  7- 9 || total
-------------------------+-------+-------+-------++-------
Melee: Long sword        |    80 |   179 |    25 ||   284
  Use: Scroll            |     3 |     3 |       ||     6
       Potion            |       |       |     1 ||     1
Armor: Scale mail        |    13 |       |       ||    13
       Chain mail        |    34 |    97 |    47 ||   178
Dodge: Dodged            |    23 |    53 |    28 ||   104
Block: Kite shield       |    50 |   115 |    29 ||   194
       Rpst.: Long sword |     8 |     7 |     5 ||    20

Table legend: (Time is in decaauts)
 A = Elapsed time spent in this place.
 B = Non-inter-level travel time spent in this place.
 C = Inter-level travel time spent in this place.
 D = Time resting spent in this place.
 E = Time spent auto-exploring this place.
 F = Levels seen in this place.
 G = Mean time per level.
                   A        B        C        D        E       F      G
               +--------+--------+--------+--------+--------+-----+--------+
         Total |   3855 |   3775 |     80 |    505 |   2620 |   5 |  771.0 |
       Dungeon |   3855 |   3775 |     80 |    505 |   2620 |   5 |  771.0 |
               +--------+--------+--------+--------+--------+-----+--------+

Top non-repeatable levels by time:
     D:2: 1127 daAuts
     D:4: 1050 daAuts
     D:1: 809 daAuts
     D:3: 761 daAuts
     D:5: 105 daAuts
